 Dungeon Crawl Stone Soup version 0.29-a0-330-g52719c12eb (webtiles) character file.

Game seed: 8536691091108555969

8 Iscandelvey the Firebug (level 2, 19/19 HPs)
             Began as a Demonspawn Fire Elementalist on Apr 14, 2022.
             Quit the game on level 1 of the Dungeon.
             The game lasted 00:00:28 (382 turns).

Iscandelvey the Firebug (DsFE)                       Turns: 382, Time: 00:00:28

Health: 19/19      AC:  2    Str:  8    XL:     2   Next: 0%
Magic:  3/5        EV: 12    Int: 16    God:
Gold:   51         SH:  0    Dex: 13    Spells: 4/5 levels left

rFire   . . .      SeeInvis .   (no weapon)
rCold   . . .      Faith    .   (no shield)
rNeg    . . .      Spirit   .   a - +0 robe
rPois   .          Reflect  .   (no helmet)
rElec   .          Harm     .   (no cloak)
rCorr   .          Rampage  .   (no gloves)
Will    .....                   (no boots)
Stlth   ++........              (no amulet)
HPRegen 0.06/turn               (no ring)
MPRegen 0.09/turn               (no ring)

@: no status effects
A: ignite blood 1
a: no special abilities


You were on level 1 of the Dungeon.
You visited 1 branch of the dungeon, and saw 1 of its levels.

You collected 51 gold pieces.

Inventory:

Armour
 a - a +0 robe (worn)
Scrolls
 d - a scroll of fear {unknown}
 e - a scroll of silence {unknown}
 h - a scroll of enchant armour {unknown}
Potions
 b - a potion of magic
 c - 2 potions of mutation {unknown}
 f - 4 potions of curing {unknown}
 g - a potion of heal wounds {unknown}


   Skills:
 + Level 1.9 Dodging
 + Level 2.0 Stealth
 + Level 2.1 Spellcasting
 + Level 1.2 Conjurations
 + Level 2.8 Fire Magic


You had 4 spell levels left.
You knew the following spells:

 Your Spells              Type           Power      Damage    Failure   Level
a - Foxfire               Conj/Fire      32%        2x1d5     9%          1

Your spell library contained the following spells:

 Spells                   Type           Power      Damage    Failure   Level
 Scorch                   Fire           20%        2d6       10%         2
 Conjure Flame            Conj/Fire      8%         6-21      26%         3
 Inner Flame              Hex/Fire       6%         N/A       34%         3
 Flame Wave               Conj/Fire      8%         2d5       65%         4
 Fulminant Prism          Conj/Hex       1%         3d6       85%         4
 Iskenderun's Mystic Bla  Conj/Tloc      3%         2d3       85%         4
 Lee's Rapid Deconstruct  Erth           0%         3d5*      99%         5


Dungeon Overview and Level Annotations

Branches:
Dungeon (1/15)

Altars:


Innate Abilities, Weirdness & Mutations

Your demonic aura sometimes causes spilled blood to erupt in flames.


Message History

You conjure some foxfire!
You conjure some foxfire!
Your foxfire dissipates! x2
Your foxfire dissipates! x2
h - a scroll labelled URPHIA MOAGUOD You conjure some foxfire!
Your foxfire dissipates!
Your foxfire dissipates!
You open the door.
There is an open door here.
A giant cockroach comes into view.
Found an escape hatch in the floor.
You conjure some foxfire!
The foxfire hits the giant cockroach.
The giant cockroach is moderately wounded.
You conjure some foxfire!
The foxfire hits the giant cockroach.
The giant cockroach is heavily wounded.
A giant cockroach is nearby!
You conjure some foxfire!
A giant cockroach is nearby!
The foxfire hits the giant cockroach.
The giant cockroach is almost dead.
The foxfire hits the giant cockroach.
You kill the giant cockroach!
You are too depleted to draw on your mana recklessly!
Your foxfire dissipates!
There is an escape hatch in the floor here.
You pick up a book of Blasting and begin reading...
You add the spells Fulminant Prism, Iskenderun's Mystic Blast and Lee's Rapid Deconstruction to your library.
A frilled lizard comes into view.
A frilled lizard is nearby!
A frilled lizard is nearby!
The frilled lizard hisses angrily.
You conjure some foxfire!
The foxfire hits the frilled lizard.
You kill the frilled lizard!
Your Stealth skill increases to level 2!
You have reached level 2!
Your demonic ancestry asserts itself...
Your blood heats up.
Are you sure you want to abandon this character and quit the game? (Confirm with "yes".)

#.###...##....
#.......##....
#............. #
####.#+###.... #.
#####....# #####
#.. #......†##
#... #....>..#
#....#.......#
#.....@.........#
#....v.....######
#..........#
#.........##
###########


There were no monsters in sight!

Vanquished Creatures
  2 bats (D:1)
  A giant cockroach (D:1)
  A goblin (D:1)
  A hobgoblin (D:1)
  A frilled lizard (D:1)
  2 rats (D:1)
8 creatures vanquished.

Vanquished Creatures (others)
  31 foxfires (D:1)
31 creatures vanquished.

Grand Total: 39 creatures vanquished

Notes
Turn   | Place    | Note
-------+----------+-------------------------------------------
     0 | D:1      | Iscandelvey the Demonspawn Fire Elementalist began the
                  | quest for the Orb.
     0 | D:1      | Reached XP level 1. HP: 13/13 MP: 3/3
   382 | D:1      | Gained mutation: Your demonic aura sometimes causes spilled
                  | blood to erupt in flames. [demonic ancestry]
   382 | D:1      | Reached XP level 2. HP: 19/19 MP: 3/5
   382 | D:1      | Quit the game

Illustrated notes

Levels and vault maps discovered:
D:1:      minmay_arrival_three_doors, layout_basic

Skill      XL: |  1 |
---------------+----+-----
Stealth        | 2 |  2.0
Dodging        | |  1.9
Spellcasting   | |  2.1
Conjurations   | |  1.2
Fire Magic     | |  2.8

Action                   || total
-------------------------++-------
 Cast: Foxfire           ||    18
Armor: Robe              ||     2
Dodge: Dodged            ||     7

Table legend: (Time is in decaauts)
 A = Elapsed time spent in this place.
 B = Non-inter-level travel time spent in this place.
 C = Inter-level travel time spent in this place.
 D = Time resting spent in this place.
 E = Time spent auto-exploring this place.
 F = Levels seen in this place.
 G = Mean time per level.
                   A        B        C        D        E       F      G
               +--------+--------+--------+--------+--------+-----+--------+
         Total |    382 |    382 |      0 |      0 |    311 |   1 |  382.0 |
       Dungeon |    382 |    382 |      0 |      0 |    311 |   1 |  382.0 |
               +--------+--------+--------+--------+--------+-----+--------+

Top non-repeatable levels by time:
     D:1: 382 daAuts
